cohdb
Replays
Latest Replays
All Replays
Popular Replays
Top Player Replays
Match Explorer
How It Works
Community
CoH3 Stats
Reddit
Sign in to upload your games and track your stats! →
Sign in with Steam
Match 40946141
Unlisted
Match 40946141
Overview
Messages
Build Orders
End
Kradschützen Motorcycle Team
Panzerpioneer Squad
250 Light Carrier
250 Light Carrier
Construct Light Support Kompanie
Assault Grenadier Squad
Selects Panzerjäger Kommand Battlegroup
Selects GrB 39 Grenade Launcher Requisition
Combat Half-tracks
Panzerjäger Mechanized Group
Fire Support Elements
Flakvierling Half-track
Pak 38 Anti-tank Gun Team
MG34 Team
Selects Mine Fields
Vehicle Survival Package
Pak 38 Mechanized Group
Construct Panzerarmee Kommand
Panzer III L Medium Tank
Selects Defensive Positions
Selects Butterfly Bomb Drop
Panzergrenadier Squad
Veteran Squad Leaders
Selects Crew Shock Tactics
2.5-tonne Medical Truck
Butterfly Bomb Drop
Armored Reserves
Construct Mechanized Kompanie
18-tonne Recovery Half-track
MG34 Team
Panzer IV Assault Group
Butterfly Bomb Drop
2.5-tonne Medical Truck
HulkSMASH
Kimchi milk
0
0
Comments
sign in to comment!
No comments posted yet!